Map: Ever Dream LE

Players

Creature

  • Race: Protoss Protoss
  • Spawn Location: 7:00

Robbie (Rob) - Winner!

  • Race: Protoss Protoss
  • League: Grandmaster
  • Spawn Location: 1:00

Event: The Miserable Cup

VOD

Have the link to the VOD?

Description

Time

  • Played on: June 21, 2020, 4:48 p.m.
  • Length: 4:05

All games in this series

Show
View Real Time Build Order
Export as new Build Order

Creature Protoss 

Build Orders:  

Get SALT Encoding   

  1  0:00  Probe  
  12  0:05  Probe  
  14  0:15  Probe  
  15  0:22  Pylon  
  15  0:40  Forge  
  15  0:52  Probe  
  16  1:00  Pylon x2  
  16  1:01  Pylon  
  16  1:08  Probe  
  17  1:18  Photon Cannon  
  17  1:20  Gateway  
  16  1:31  Photon Cannon  
  16  1:33  Probe  
  17  1:41  Probe  
  18  1:49  Probe  
  18  1:59  Zealot  
  18  2:01  Probe  
  21  2:21  Cybernetics Core  
  21  2:23  Probe  
  22  2:36  Probe  
  21  2:46  Zealot  
  21  2:48  Nexus  
  21  2:50  Probe  
  24  3:08  Probe  
  24  3:10  Photon Cannon  
  25  3:13  Pylon  
  25  3:22  Assimilator  
  25  3:27  Assimilator  
  25  3:33  Probe  
  25  3:45  Probe  
Show
View Real Time Build Order
Export as new Build Order

Robbie Protoss - Winner!

Build Orders: Oracle Opening 

Get SALT Encoding   

  12  0:00  Probe  
  13  0:12  Probe  
  14  0:20  Pylon  
  14  0:24  Probe  
  15  0:35  Probe  
  15  0:39  Forge  
  16  0:43  Probe  
  17  0:54  Gateway  
  17  0:56  Probe  
  18  1:12  Photon Cannon  
  18  1:18  Probe  
  19  1:28  Assimilator  
  19  1:31  Assimilator  
  19  1:33  Assimilator  
  19  1:39  Assimilator  
  19  1:48  Cybernetics Core  
  19  1:59  Photon Cannon  
  19  2:09  Probe  
  20  2:17  Pylon  
  20  2:20  Pylon  
  20  2:24  Stalker  
  22  2:45  Stargate  
  22  2:49  Probe  
  23  3:01  Probe  
  24  3:14  Probe  
  24  3:18  Oracle  
  25  3:25  Gateway  
  25  3:26  Probe  
  29  3:38  Probe  
  30  3:45  Pylon  
  30  3:54  Assimilator  
  30  3:58  Assimilator  
Tags
 
Add a new tag
Caveats
  • Supply blocks, unpowered buildings, or Contaminate may cause inaccurate times.
  • Supply counts are checked every 10 seconds.